 Dungeon Crawl Stone Soup version 0.20-a0-941-gba1b1f9 (webtiles) character file.

35 Alarkh the Skirmisher (level 3, -5/34 HPs)
             Began as a Draconian Monk on Mar 31, 2017.
             Slain by BattleRest's ghost (15 damage)
             ... on level 4 of the Dungeon.
             The game lasted 00:01:05 (1163 turns).

Alarkh the Skirmisher (Draconian Monk)              Turns: 1163, Time: 00:01:06

Health: -5/34      AC:  5    Str: 13    XL:     3   Next: 16%
Magic:  3/3        EV: 14    Int: 11    God:
Gold:   14         SH:  0    Dex: 15    Spells: 2/2 levels left

rFire    . . .     SeeInvis .     - Unarmed
rCold    . . .     Gourm    .   (no shield)
rNeg     . . .     Faith    .   (armour unavailable)
rPois    .         Spirit   .   (helmet restricted)
rElec    .         Reflect  .   (no cloak)
rCorr    .         Harm     .   (no gloves)
MR       .....                  (no boots)
Stlth    ++........             (no amulet)
Regen    0.2/turn               (no ring)
MPRegen  0.1/turn               (no ring)

@: no status effects
A: unfitting armour, agile 1, cold-blooded, MP-powered wands, AC +5
a: no special abilities


You were on level 4 of the Dungeon.
You were not hungry.

You visited 1 branch of the dungeon, and saw 4 of its levels.

You collected 14 gold pieces.

Inventory:

Scrolls
 f - 3 scrolls of fear {unknown}
Comestibles
 a - a bread ration
 b - a royal jelly


   Skills:
 - Level 4.3 Fighting
 - Level 3.6 Dodging
 - Level 3.6 Stealth
 + Level 2.8 Unarmed Combat


You had 2 spell levels left.
You didn't know any spells.

Dungeon Overview and Level Annotations

Branches:
Dungeon (4/15)
 Temple: D:4-7

Altars:
Vehumet

Annotations:
D:4 BattleRest's ghost, amateur MiFi


Innate Abilities, Weirdness & Mutations

Your plain brown scales are hard. (AC +5)
You cannot fit into any form of body armour.
You are cold-blooded and may be slowed by cold attacks.
You are agile. (Dex +2)
You expend magic power (3 MP) to strengthen your wands.


Message History

BattleRest's ghost is nearby!
BattleRest's ghost is nearby!
BattleRest's ghost is nearby!
BattleRest's ghost hits you.
You closely miss BattleRest's ghost. BattleRest's ghost hits you.
You hit BattleRest's ghost.
BattleRest's ghost is lightly damaged.
BattleRest's ghost misses you.
You hit BattleRest's ghost but do no damage.
BattleRest's ghost is lightly damaged.
BattleRest's ghost hits you.
You hit BattleRest's ghost but do no damage.
BattleRest's ghost is lightly damaged.
BattleRest's ghost hits you!
* * * LOW HITPOINT WARNING * * *
You are too injured to fight recklessly!
You are too injured to fight recklessly!
There is a stone staircase leading up here.
BattleRest's ghost hits you!
You die...

...###
...<###
#.....#
#.....####
#.........
#......#
#......#####
#...........
#..W@######
#...##
.%....?#
####...#
#..## #..#
#... #..


You could see BattleRest's ghost.

Vanquished Creatures
  2 adders
  A worm (D:2)
  A bat (D:3)
  3 giant cockroaches
  2 hobgoblins
  A kobold (D:2)
  2 frilled lizards (D:2)
  3 rats (D:2)
15 creatures vanquished.

Vanquished Creatures (others)
  An adder (D:3)
1 creature vanquished.

Grand Total: 16 creatures vanquished

Notes
Turn   | Place    | Note
-------+----------+-------------------------------------------
     0 | D:1      | Alarkh the Draconian Monk began the quest for the Orb.
     0 | D:1      | Reached XP level 1. HP: 22/22 MP: 1/1
    73 | D:2      | Reached skill level 1 in Unarmed Combat
   229 | D:2      | Reached XP level 2. HP: 16/28 MP: 2/2
   758 | D:3      | Found a radiant altar of Vehumet.
   879 | D:3      | Gained mutation: You expend magic power (3 MP) to strengthen your wands. [potion of mutation]
   879 | D:3      | Gained mutation: You evolve. [potion of mutation]
   879 | D:3      | Lost mutation: You evolve. [potion of mutation]
   879 | D:3      | Gained mutation: You are agile. (Dex +2) [potion of mutation]
   890 | D:3      | Reached XP level 3. HP: 15/34 MP: 3/3
  1154 | D:4      | Noticed BattleRest's ghost (amateur MiFi)
  1163 | D:4      | Slain by BattleRest's ghost

Vault maps used:
D:1:      dpeg_arrival_more_subterranean_lakeside_camping, minmay_tall_x
D:2:      minmay_stone_trees_medium, hex_medium, minivault_19,
          minmay_pentomino_q4
D:3:      nicolae_overflow_crystal_walls, fiery_altar_vehumet,
          old_standard_altar, chequers_ecumenical_altar_simple,
          kennysheep_generic_room_14
D:4:      kennysheep_mini, kennysheep_mini_moat, fedhas_altar_1, uniq_iyjb,
          uniq_eustachio, uniq_pikel

Skill      XL: |  1 |
---------------+----+-----
Unarmed Combat | 2 |  2.8
Fighting       | |  4.3
Dodging        | |  3.6
Stealth        | |  3.6

Action                   || total
-------------------------++-------
Melee: Unarmed           ||    75
       Tailslap          ||    13
  Use: Potion            ||     2
 Stab: Sleeping          ||     4
       Invisible         ||     1
  Eat: Chunk             ||     1
Armor: Skin              ||    10
Dodge: Dodged            ||    45
